AoeStats
← Mohes7395

Arabia

508350741Analyzed
1v1 RM · 10d ago on Sep 22, 2026· 22m 59s· 2 players
Game mode
Random Map
Map size
Tiny (2 player)
Population
200
Speed
Normal
Resources
Standard
Victory
Conquest
Starting age
Dark Age
Ending age
Imperial Age
RankedLock teamsTeams togetherTeam positionsShared explorationLock speedFull tech treeHidden civsTurbo modeCheats
Victory
Defeat
🇨🇱 Slavs · Chile
984
+17
🇮🇹 Celts · Italy
1000
-44
Bienjamming
2:58 Loom
9:46 Feudal Age
11:12 Town Watch
11:26 Double-Bit Axe
12:30 Horse Collar
17:40 Padded Archer Armor
17:49 Man-at-Arms
18:32 Fletching
19:10 Forging
21:25 Scale Mail Armor
Mohes7395
5:07 Loom
9:47 Feudal Age
14:26 Double-Bit Axe
19:12 Man-at-Arms
22:49 Wheelbarrow
22:00 Horse Collar
Connection lost

Rejoining the realm…

Still unreachable

The connection could not be restored.

Session expired

The server has moved on; the page needs a fresh start.